 Dungeon Crawl Stone Soup version 0.29.1-1-gd02db69 (webtiles) character file.

Game seed: 5024714056632676883

51 Kel the Conjurer (level 3, 0/26 HPs)
             Began as a Demigod Conjurer on Jan 26, 2023.
             Killed from afar by a white imp (1 damage)
             ... with a puff of frost
             ... summoned by Natasha
             ... on level 2 of the Dungeon.
             The game lasted 00:08:34 (1752 turns).

Kel the Conjurer (Demigod Conjurer)                 Turns: 1752, Time: 00:08:35

Health: 0/26       AC: 14    Str:  8    XL:     3   Next: 36%
Magic:  9/9        EV:  0    Int: 24    God:
Gold:   65         SH:  0    Dex: 12    Spells: 4/7 levels left

rFire   x . .      SeeInvis .   a - +0 dagger
rCold   + . .      Faith    .   (no shield)
rNeg    . . .      Spirit   .   m - +0 plate armour
rPois   .          Reflect  .   (no helmet)
rElec   .          Harm     .   (no cloak)
rCorr   .          Rampage  .   (no gloves)
Will    .....                   (no boots)
Stlth   ..........              e - amulet of magic regeneration
HPRegen 0.08/turn               j - +4 ring of protection
MPRegen 0.51/turn               k - ring of ice

@: slowed, very slow
A: high MP 1, forlorn, divine attributes
a: no special abilities


You were on level 2 of the Dungeon.
You visited 1 branch of the dungeon, and saw 2 of its levels.

You collected 65 gold pieces.

Inventory:

Hand Weapons
 a - a +0 dagger (weapon)
Armour
 m - a +0 plate armour (worn)
Jewellery
 e - an amulet of magic regeneration (around neck)
 f - an amulet of the acrobat
 h - an amulet of guardian spirit
 j - a +4 ring of protection (left hand)
 k - a ring of ice (right hand)
Scrolls
 c - 3 scrolls of identify {unknown}
Potions
 b - a potion of magic
 d - a potion of heal wounds {unknown}
 g - a potion of flight {unknown}
 i - 2 potions of curing {unknown}


   Skills:
 - Level 1.7 Dodging
 - Level 1.7 Stealth
 * Level 2.7 Spellcasting
 + Level 4.2 Conjurations


You had 4 spell levels left.
You knew the following spells:

 Your Spells              Type           Power      Damage    Failure   Level
a - Magic Dart            Conj           92%        1d7       100%        1
b - Searing Ray           Conj           46%        2d6       100%        2

Your spell library contained the following spells:

 Spells                   Type           Power      Damage    Failure   Level
 Confusing Touch          Hex            3%         N/A       100%        3
 Dazzling Flash           Conj/Hex       26%        N/A       100%        3
 Fulminant Prism          Conj/Hex       6%         3d7       100%        4
 Iskenderun's Mystic Bla  Conj/Tloc      13%        2d5       100%        4
 Yara's Violent Unravell  Hex/Tmut       1%         3d3       100%        5
 Enfeeble                 Hex            1%         N/A       100%        7


Dungeon Overview and Level Annotations

Branches:
Dungeon (2/15)

Annotations:
D:2 Natasha


Innate Abilities, Weirdness & Mutations

You have an increased reservoir of magic. (+10% MP)
You shall have no god before yourself.
Your divine heritage dramatically boosts your attributes as you level up.


Message History

Natasha claws you but does no damage.
The white imp hits you but does no damage.
You hit Natasha but do no damage.
Natasha is moderately wounded.
Natasha claws you but does no damage.
The white imp hits you but does no damage.
You hit Natasha but do no damage.
Natasha is moderately wounded.
Natasha claws you.
* * * LOW HITPOINT WARNING * * *
The white imp gestures at you.
The puff of frost hits you but does no damage.
You resist.
Your magical contamination has completely faded away.
You closely miss Natasha.
Natasha is moderately wounded.
Natasha casts a spell at you.
You feel yourself slow down. The white imp gestures at you.
The puff of frost hits you but does no damage.
You hit Natasha.
Natasha is severely wounded.
The crimson imp disappears in a puff of smoke!
Natasha claws you but does no damage.
The white imp hits you but does no damage.
You hit Natasha but do no damage.
Natasha is severely wounded.
Natasha claws you but does no damage.
The white imp hits you but does no damage.
Natasha claws you but does no damage. The white imp hits you.
* * * LOW HITPOINT WARNING * * *
The white imp freezes you. You resist.
* * * LOW HITPOINT WARNING * * *
You barely miss Natasha.
Natasha is severely wounded.
Natasha hisses.
Natasha claws you but does no damage. The white imp gestures at you.
The puff of frost hits you. You resist.
You die...

### #.. #.# ######### #)#
#.......# #.# #.#####.#
###.## #.#####.# #.....
####.#######.....#.###.#.#.
.........h@5..............[
.......#########.....#.##..
....... #.#.#.#.##..
....... ###.#.#.##..
....... #### #.........
....... .... (.#.###.##
....<.. ... ....#..<..
......$ ..# ##.###..#.# #.#
#.....


You could see Natasha and a white imp (summoned).

Vanquished Creatures
  An adder (D:2)
  A worm (D:2)
  3 dart slugs (D:1)
  3 bats (D:1)
  3 endoplasms
  A giant cockroach (D:1)
  2 goblins
  2 hobgoblins
  4 kobolds
  3 quokkas (D:1)
  4 ball pythons (D:1)
  A frilled lizard (D:1)
  3 rats
31 creatures vanquished.

Notes
Turn   | Place    | Note
-------+----------+-------------------------------------------
     0 | D:1      | Kel the Demigod Conjurer began the quest for the Orb.
     0 | D:1      | Reached XP level 1. HP: 14/14 MP: 5/5
   304 | D:1      | Reached XP level 2. HP: 20/20 MP: 1/7
   596 | D:1      | Reached skill level 4 in Conjurations
   611 | D:1      | Learned a level 2 spell: Searing Ray
  1160 | D:2      | Reached XP level 3. HP: 23/26 MP: 9/9
  1730 | D:2      | Noticed Natasha
  1751 | D:2      | HP: 1/26 [white imp[Natasha] (1)]
  1752 | D:2      | Killed from afar by a white imp

Illustrated notes

Levels and vault maps discovered:
D:1:      dpeg_arrival_castle, layout_basic, shapermc_ecumenical_altar_ellora
D:2:      minmay_chambers_of_ones, layout_basic, uniq_natasha

Skill      XL: |  1  2 |
---------------+-------+-----
Spellcasting   | 2 |  2.7
Conjurations   | 4 |  4.2
Dodging        | |  1.7
Stealth        | |  1.7

Action                   || total
-------------------------++-------
Melee: Unarmed           ||     1
       Dagger            ||    50
 Cast: Magic Dart        ||    61
       Searing Ray       ||     4
Armor: Scale mail        ||    13
       Ring mail         ||     3
       Plate armour      ||    21
Dodge: Dodged            ||    17
